 Dungeon Crawl Stone Soup version 0.27.1-34-g3ba077fa99 (webtiles) character file.

Game seed: 12907373082697373901

10080 tizbic2 the Zephyrmancer (level 11, -5/91 HPs)
             Began as a Black Draconian Ice Elementalist on Dec 24, 2021.
             Was a Believer of Wu Jian.
             Slain by a manticore (7 damage)
             ... on level 10 of the Dungeon on Jan 4, 2022.
             The game lasted 01:28:21 (14904 turns).

tizbic2 the Zephyrmancer (DrIE)                    Turns: 14904, Time: 01:28:22

Health: -5/91      AC: 21    Str: 14    XL:     11   Next: 31%
Magic:  17/20      EV: 14    Int: 16    God:    Wu Jian [**....]
Gold:   260        SH:  0    Dex: 11    Spells: 12/22 levels left

rFire    + . .     SeeInvis .   o - staff of air
rCold    . . .     Faith    .   (no shield)
rNeg     . . .     Spirit   .   (armour unavailable)
rPois    .         Reflect  .   (helmet restricted)
rElec    +         Harm     .   I - +0 cloak
rCorr    .         Rampage  .   r - +0 pair of gloves
Will     .....                  s - +1 pair of boots
Stlth    ++........             M - amulet of regeneration
HPRegen  1.25/turn              t - ring of protection from fire
MPRegen  0.17/turn              w - +4 ring of protection

@: ice-armoured, about to teleport, spiked
A: breathe lightning, AC +7, unfitting armour, electricity resistance,
cold-blooded
a: Breathe Lightning, Renounce Religion, Wall Jump


You were on level 10 of the Dungeon.
You worshipped Wu Jian.
Wu Jian was pleased with you.
You visited 2 branches of the dungeon, and saw 12 of its levels.

You collected 590 gold pieces.
You spent 330 gold pieces at shops.

Inventory:

Hand Weapons
 i - a +2 dagger of venom
 l - the +4 short sword "Xasiug Quragh" {vorpal, rPois rF- MP+9}
   (You found it on level 4 of the Dungeon)

   It inflicts extra damage upon your enemies.
   rF:        It makes you vulnerable to fire.
   rPois:     It protects you from poison.
   MP:        It affects your magic capacity (+9).
 K - the +4 dagger "Sefuuff" {vorpal, rElec rPois Str+4 Stlth-}
   (You found it on level 11 of the Dungeon)

   It inflicts extra damage upon your enemies.
   Str:       It affects your strength (+4).
   rElec:     It insulates you from electricity.
   rPois:     It protects you from poison.
   Stlth:     It makes you less stealthy.
Missiles
 a - 232 stones (quivered)
 c - 61 poisoned darts
 L - a throwing net
Armour
 r - a +0 pair of gloves (worn)
 s - a +1 pair of boots (worn)
 I - a +0 cloak (worn)
Magical Staves
 o - a staff of air (weapon)
 y - a staff of poison
Jewellery
 f - a ring of ice
 t - a ring of protection from fire (left hand)
 w - a +4 ring of protection (right hand)
 x - a ring of ice
 A - a +6 ring of strength
 M - an amulet of regeneration (around neck)
Wands
 d - a wand of iceblast (14)
 h - a wand of polymorph (3)
 q - a wand of mindburst (8)
 u - a wand of paralysis (12)
 J - a wand of digging (1)
Scrolls
 e - 2 scrolls of teleportation
 g - a scroll of enchant weapon
 j - a scroll of blinking {unknown}
 k - a scroll of fear
 n - 2 scrolls of brand weapon
 B - 2 scrolls of amnesia
 G - a scroll of summoning
 N - a scroll of magic mapping {unknown}
Potions
 b - a potion of might {unknown}
 m - a potion of haste
 p - a potion of berserk rage {unknown}
 v - 2 potions of magic {unknown}
 z - 2 potions of heal wounds {unknown}
 C - 2 potions of ambrosia {unknown}
 D - a potion of lignification {unknown}
 E - a potion of curing
 F - 2 potions of brilliance


   Skills:
 + Level 6.5 Fighting
 - Level 2.9 Short Blades
 - Level 1.0 Axes
 * Level 6.9 Staves
 + Level 6.1 Dodging
 - Level 1.7 Stealth
 - Level 0.7 Unarmed Combat
 + Level 6.4 Spellcasting
 * Level 2.8 Conjurations
 - Level 2.4 Fire Magic
 - Level 5.7 Ice Magic
 + Level 8.6 Air Magic
 * Level 6.9 Evocations


You had 12 spell levels left.
You knew the following spells:

 Your Spells              Type           Power      Damage    Failure   Level
a - Freeze                Ice            92%        1d10      1%          1
b - Frozen Ramparts       Ice            46%        1d6       3%          3
c - Mephitic Cloud        Conj/Pois/Air  26%        N/A       9%          3
d - Ozocubu's Armour      Ice            23%        N/A       3%          3

Your spell library contained the following spells:

 Spells                   Type           Power      Damage    Failure   Level
 Beastly Appendage        Tmut           10%        N/A       13%         1
 Conjure Flame            Conj/Fire      13%        6-21      13%         3
 Wereblood                Tmut           5%         N/A       21%         2
 Dazzling Flash           Conj/Hex       18%        N/A       22%         3
 Hailstorm                Conj/Ice       18%        3d6       22%         4
 Ignite Poison            Fire/Tmut/Pois 7%         N/A       28%         3
 Spider Form              Tmut/Pois      2%         N/A       36%         3
 Sticky Flame             Conj/Fire      13%        2d4       41%         4
 Silence                  Hex/Air        14%        N/A       54%         5
 Animate Dead             Necr           2%         N/A       78%         4
 Bolt of Magma            Conj/Fire/Erth 5%         4d5       87%         5
 Agony                    Necr           5%         N/A       98%         5
 Borgnjor's Vile Clutch   Necr/Erth      2%         N/A       98%         5
 Death Channel            Necr           2%         N/A       100%        6


Dungeon Overview and Level Annotations

Branches:
Dungeon (11/15)            Temple (1/1) D:6             Orc (0/2) D:10
   Lair: D:8-11

Altars:
Ashenzari
Cheibriados
Dithmenos
Elyvilon
Fedhas
Gozag
Hepliaklqana
Kikubaaqudgha
Makhleb
Nemelex Xobeh
Okawaru
Ru
Sif Muna
Trog
Uskayaw
Vehumet
Wu Jian
Xom
Yredelemnul
Zin
The Shining One

Shops:
D:2 *(=!

Annotations:
D:6 3 runed translucent doors, KittyFluff's ghost, novice GrBe
D:10 Snorg


Innate Abilities, Weirdness & Mutations

You can breathe wild blasts of lightning.
Your glossy black scales are hard. (AC +7)
You cannot fit into any form of body armour.
You are resistant to electric shocks. (rElec)
You are cold-blooded and may be slowed by cold attacks.


Message History

The manticore is moderately wounded.
The manticore bites you but does no damage.
The manticore claws you. The manticore completely misses you.
You hit the manticore but do no damage.
The manticore is electrocuted!
You tail-slap the manticore.
The manticore is heavily wounded.
The manticore bites you!
* * * LOW HITPOINT WARNING * * *
The manticore misses you. The manticore claws you.
* * * LOW HITPOINT WARNING * * *
You feel better. The manticore closely misses you.
The manticore claws you but does no damage. x2
You hit the manticore but do no damage.
The manticore is heavily wounded.
The manticore bites you but does no damage.
The manticore claws you but does no damage.
The manticore closely misses you.
You barely miss the manticore.
The manticore is heavily wounded.
The manticore misses you.
The manticore claws you but does no damage.
The manticore barely misses you.
You barely miss the manticore.
The manticore is heavily wounded.
The manticore bites you!!
* * * LOW HITPOINT WARNING * * *
The manticore claws you!
* * * LOW HITPOINT WARNING * * *
The manticore claws you but does no damage.
As you read the scroll of fog, it crumbles to dust.
The scroll dissolves into smoke.
The manticore bites you.
* * * LOW HITPOINT WARNING * * *
The manticore claws you but does no damage.
The manticore barely misses you.
Okay, then.
As you read the scroll of teleportation, it crumbles to dust.
You feel strangely unstable. The manticore misses you. The manticore claws you.
* * * LOW HITPOINT WARNING * * *
The manticore claws you!
You die...

#...# #....
.........########
[...# #....
....................
....# #...#
#...................
....# #...#
#.....D.............
##..# #..e#
#...................
#..# #HE§#
#...................
##..# #...#
#...§§..............
##..# #...#
#§H§§§..............
##..# #...#
#§§@§...............
##..# #...#
#§§§§§.......<......
##..###...#
#.§.§...............
##........#
#...................
##........#
#.########...(......
##........# #.
#..........
.#..####..# #.
#.......... #..#
#..# #. #..........
....# #..#
#..........


You could see a manticore.

Vanquished Creatures
  Erica (D:8)
  3 two-headed ogres (D:11)
  Pikel (D:9)
  A cyclops (D:11)
  A manticore (D:11)
  Joseph (D:9)
  A troll (D:10)
  2 shadows
  A vampire (D:9)
  A wraith (D:10)
  4 yaks (D:9)
  A steam dragon (D:7)
  3 vampire mosquitoes (D:11)
  3 acid dragons
  4 water moccasins
  4 orc warriors
  A black bear (D:6)
  3 ogres
  A hornet zombie (D:6)
  A sky beast (D:7)
  4 centaurs
  2 phantoms
  2 lemures (D:9)
  2 kobold brigands
  A gnoll sergeant (D:9)
  A bullfrog (D:7)
  2 scorpions
  4 killer bees
  2 water moccasin skeletons
  3 wights (D:7)
  2 vampire bats (D:6)
  2 howler monkeys
  6 orc priests
  A centaur skeleton (D:7)
  A bullfrog skeleton (D:7)
  3 iguanas
  Natasha (thrice) (D:3)
  10 orc wizards
  7 ogre zombies (D:10)
  A hound skeleton (D:4)
  Robin (D:3)
  6 adders
  9 gnolls
  A shadow imp (D:7)
  A white imp (D:7)
  2 adder skeletons (D:4)
  5 dart slugs
  A worm (D:4)
  27 orcs
  9 ball pythons
  5 bat skeletons (D:6)
  A bat zombie (D:6)
  6 endoplasms
  3 giant cockroaches
  12 hobgoblins
  5 jackals (D:1)
  2 quokkas
  4 bats
  4 frilled lizards
  16 goblins
  3 goblin skeletons (D:10)
  2 goblin zombies (D:10)
  A hobgoblin skeleton (D:10)
  2 hobgoblin zombies (D:10)
  12 kobolds
  2 orc skeletons (D:10)
  12 orc zombies (D:10)
  3 rats
254 creatures vanquished.

Vanquished Creatures (others)
  An orc wizard (D:9)
  An orc zombie (D:10)
  4 plants (D:6)
6 creatures vanquished.

Grand Total: 260 creatures vanquished

Notes
Turn   | Place    | Note
-------+----------+-------------------------------------------
     0 | D:1      | tizbic2 the Draconian Ice Elementalist began the quest for
                  | the Orb.
     0 | D:1      | Reached XP level 1. HP: 14/14 MP: 3/3
   553 | D:1      | Reached XP level 2. HP: 17/20 MP: 1/5
   607 | D:1      | Found a faded altar of an unknown god.
   991 | D:1      | Reached XP level 3. HP: 15/27 MP: 3/6
  1339 | D:2      | Learned a level 3 spell: Frozen Ramparts
  1344 | D:2      | Found Maehy's Weapon Shoppe.
  1399 | D:2      | Found Xamycw's Assorted Antiques.
  1588 | D:2      | Reached skill level 1 in Fighting
  1702 | D:2      | Found Ytushig's Jewellery Shop.
  1794 | D:2      | Found Lutwiaw's Distillery.
  1992 | D:3      | Noticed Natasha
  1998 | D:3      | Killed Natasha
  1999 | D:3      | Reached XP level 4. HP: 16/35 MP: 3/7
  2234 | D:3      | Noticed Robin
  2257 | D:3      | Killed Robin
  2416 | D:3      | Reached skill level 1 in Axes
  2575 | D:3      | Reached XP level 5. HP: 34/41 MP: 4/8
  2949 | D:3      | Noticed Natasha
  2955 | D:3      | Killed Natasha
  2964 | D:3      | Noticed Natasha
  2969 | D:3      | Killed Natasha
  2970 | D:3      | Reached skill level 1 in Short Blades
  3063 | D:4      | Found a hazy altar of Hepliaklqana.
  3191 | D:4      | Reached skill level 5 in Ice Magic
  3257 | D:4      | Upgraded the game from 0.27.1-33-g824d729ab1 to
                  | 0.27.1-34-g3ba077fa99
  3269 | D:4      | Identified the +4 short sword "Xasiug Quragh" {vorpal,
                  | rPois rF- MP+9}
  3387 | D:4      | Noticed an ogre
  3396 | D:4      | Reached XP level 6. HP: 48/48 MP: 10/10
  3778 | D:5      | Entered Level 5 of the Dungeon
  3869 | D:5      | Reached skill level 1 in Fire Magic
  4214 | D:5      | Your scales start taking on a glossy black colour.
  4214 | D:5      | Reached XP level 7. HP: 56/56 MP: 12/12
  4214 | D:5      | Gained mutation: You are resistant to electric shocks.
                  | (rElec) [Black Draconian growth]
  4231 | D:5      | Found a shadowy altar of Dithmenos.
  4286 | D:5      | Reached skill level 1 in Air Magic
  4912 | D:6      | Found a staircase to the Ecumenical Temple.
  5135 | D:5      | Learned a level 3 spell: Mephitic Cloud
  5165 | D:6      | Reached skill level 2 in Air Magic
  5451 | D:6      | Reached XP level 8. HP: 42/63 MP: 14/14
  5476 | D:6      | Reached skill level 3 in Air Magic
  5767 | Temple   | Entered the Ecumenical Temple
  5893 | Temple   | Became a worshipper of the Wu Jian Council
  5996 | D:6      | Found an ancient bone altar of Kikubaaqudgha.
  6154 | D:6      | Found a runed translucent gate.
  6154 | D:6      | Found a runed translucent gate.
  6154 | D:6      | Found a runed translucent gate.
  6155 | D:6      | Noticed KittyFluff's ghost (novice GrBe)
  6214 | D:6      | Reached skill level 1 in Staves
  6214 | D:6      | Reached skill level 1 in Evocations
  6461 | D:7      | Reached skill level 4 in Air Magic
  7007 | D:7      | Reached * piety under Wu Jian
  7070 | D:7      | Reached XP level 9. HP: 47/71 MP: 10/16
  7276 | D:7      | Reached skill level 5 in Air Magic
  7281 | D:7      | Reached skill level 5 in Spellcasting
  7602 | D:8      | Found an iron altar of Okawaru.
  8199 | D:8      | Found a shimmering blue altar of Sif Muna.
  8699 | D:9      | Noticed Erica
  9016 | D:9      | Reached skill level 6 in Air Magic
  9019 | D:9      | Reached skill level 5 in Fighting
  9019 | D:9      | Reached skill level 5 in Dodging
  9411 | D:9      | Found a radiant altar of Vehumet.
  9519 | D:9      | Learned a level 3 spell: Ozocubu's Armour
  9659 | D:9      | Noticed Joseph
  9688 | D:9      | Killed Joseph
  9689 | D:9      | Reached XP level 10. HP: 13/81 MP: 7/18
 10067 | D:9      | Reached skill level 5 in Staves
 10067 | D:9      | Reached skill level 7 in Air Magic
 10178 | D:9      | Noticed Pikel
 10190 | D:9      | Killed Pikel
 10191 | D:9      | Reached skill level 5 in Evocations
 10934 | D:10     | Entered Level 10 of the Dungeon
 10979 | D:10     | Found a sacrificial altar of Ru.
 10979 | D:10     | Found a broken altar of Ashenzari.
 11027 | D:10     | Found a glowing silver altar of Zin.
 11043 | D:10     | Identified the +4 ring mail "Cuneoraxt" {Rampage rElec
                  | Slay+6 SInv}
 11064 | D:10     | Noticed a deep elf pyromancer
 11076 | D:10     | Noticed a manticore
 11430 | D:10     | Reached ** piety under Wu Jian
 11729 | D:11     | Noticed a manticore
 11750 | D:11     | Killed a manticore
 12361 | D:11     | Noticed a two-headed ogre
 12400 | D:11     | Killed a two-headed ogre
 12401 | D:11     | Reached skill level 8 in Air Magic
 12710 | D:11     | Noticed a two-headed ogre
 12719 | D:11     | Killed a two-headed ogre
 12720 | D:11     | Reached skill level 1 in Conjurations
 12911 | D:10     | Noticed Snorg
 12953 | D:11     | Noticed a cyclops
 12964 | D:11     | Killed a cyclops
 12965 | D:11     | Reached XP level 11. HP: 65/89 MP: 14/20
 13261 | D:11     | Identified the +1 robe of Kikubaaqudgha's Hatred {rElec
                  | rCorr Int-5}
 13264 | D:11     | Noticed a two-headed ogre
 13278 | D:11     | Killed a two-headed ogre
 13525 | D:11     | Identified the +4 dagger "Sefuuff" {vorpal, rElec rPois
                  | Str+4 Stlth-}
 13557 | D:11     | Found a bloodstained altar of Trog.
 13684 | D:10     | Found a staircase to the Orcish Mines.
 13970 | D:8      | Killed Erica
 14245 | D:2      | Bought an amulet of regeneration for 330 gold pieces
 14903 | D:10     | HP: 4/91 [manticore (3)]
 14904 | D:10     | Slain by a manticore

Illustrated notes

Levels and vault maps discovered:
D:1:      dpeg_arrival_castle, layout_loops_ring, ebering_ecumenical_altar_webs,
          hangedman_feature_mirror, minivault_11
D:2:      layout_loops_ring, serial_shops, nicolae_shop_crystal,
          nicolae_shop_statue_plus, nicolae_shop_window_shopping,
          nicolae_shop_temple_entry_statues_fountains, minmay_stone_trees_small,
          lemuel_old_faithful
D:3:      layout_loops_corners, uniq_robin, uniq_natasha
D:4:      layout_basic, nzn_hepliaklqana_mist_gate, solitary_fountain
D:5:      layout_layer_cave, mainiacjoe_overflow_catwalk
D:6:      layout_cave_pools, kennysheep_vampire_church,
          minmay_temple_entry_gardened_gates, ebering_ghost_rock_garden,
          roderic_roman_lattice, nicolae_benzene_ring, grunt_ministairs_3
D:7:      layout_rooms, chequers_avenue
D:8:      layout_rooms, okawaru_metal_pillars_1_2, led_sif_pool
D:9:      layout_loops_corners, mainiacjoe_overflow_surrounded_room, uniq_pikel,
          uniq_erica, uniq_joseph
D:10:     layout_long_grid, lemuel_crystal_altar, mainiacjoe_overflow_brackets,
          mainiacjoe_overflow_large_starburst, zombieorc2_lemuel,
          lemuel_flame_loot_1, uniq_snorg
D:11:     layout_small_grid, lair_entry_dummy, minmay_statues_item,
          chequers_serial_rivers_room_a, trog_hazing_becter
Temple:   nicolae_temple_hex_pool

Skill      XL: |  1  2  3  4  5  6  7  8  9 10 11 |
---------------+----------------------------------+-----
Dodging        | 2 3 4 5 6 |  6.1
Fighting       | 1 2 3 4 5 6 |  6.5
Axes           | 1 |  1.0
Short Blades   | 1 2 |  2.9
Ice Magic      | 5 |  5.7
Spellcasting   | 3 4 5 6 |  6.4
Fire Magic     | 1 2 |  2.4
Air Magic      | 2 4 6 8 |  8.6
Staves         | 2 4 6 |  6.9
Evocations     | 2 4 6 |  6.9
Conjurations   | 1 2 |  2.8
Stealth        | |  1.7
Unarmed Combat | |  0.7

Action                   |  1- 3 |  4- 6 |  7- 9 | 10-12 || total
-------------------------+-------+-------+-------+-------++-------
Melee: Unarmed           |    43 |       |       |       ||    43
       Tailslap          |     5 |     5 |    44 |    27 ||    81
       Hand axe          |    28 |    15 |       |       ||    43
       Dagger            |       |    62 |       |       ||    62
       Short sword       |       |    26 |    54 |       ||    80
       Staff             |       |       |   216 |   240 ||   456
       Punch             |       |       |       |     1 ||     1
Throw: Stone             |    11 |     4 |       |       ||    15
 Cast: Freeze            |    19 |    17 |    29 |    22 ||    87
       Frozen Ramparts   |     2 |    12 |    41 |    31 ||    86
       Mephitic Cloud    |       |       |     6 |     1 ||     7
       Ozocubu's Armour  |       |       |     2 |    10 ||    12
Invok: Lunge             |       |       |     4 |    10 ||    14
       Whirlwind         |       |       |     9 |    40 ||    49
 Abil: Breathe Lightning |       |       |     9 |     6 ||    15
       Wall Jump         |       |       |       |     2 ||     2
  Use: Scroll            |       |     1 |     8 |     7 ||    16
       Potion            |       |       |     8 |     1 ||     9
 Stab: Sleeping          |     7 |     1 |     2 |       ||    10
       Confused          |       |       |     1 |       ||     1
Armor: Skin              |    30 |    23 |   194 |   123 ||   370
Dodge: Dodged            |    41 |    71 |   339 |   178 ||   629
